Map: Pillars of Gold LE

Players

Guerter

  • Race: Terran Terran
  • League: Diamond
  • Spawn Location: 1:00

Munte - Winner!

  • Race: Zerg Zerg
  • Spawn Location: 7:00

VOD

Have the link to the VOD?

Description

Time

  • Played on: Sept. 22, 2020, 6:24 a.m.
  • Length: 17:39
Show
View Real Time Build Order
Export as new Build Order

Guerter Terran 

Build Orders: Reaper Expand, Mech 

Get SALT Encoding   

  12  0:00  SCV  
  13  0:12  SCV  
  14  0:20  Supply Depot  
  14  0:24  SCV  
  15  0:39  Refinery  
  15  0:43  Barracks  
  15  0:45  SCV  
  16  0:57  SCV  
  17  1:09  SCV  
  18  1:21  SCV  
  19  1:30  Reaper  
  20  1:34  Command Center  
  20  1:38  SCV  
  21  1:50  Orbital Command  
  21  2:02  Factory  
  21  2:13  Refinery  
  21  2:14  Supply Depot  
  21  2:17  SCV  
  22  2:36  Barracks Reactor  
  22  2:47  Hellion  
  24  2:52  Orbital Command  
  24  2:55  Starport  
  24  2:59  SCV  
  25  3:11  SCV  
  26  3:23  SCV  
  27  3:31  SCV  
  27  3:33  Hellion x2  
  32  3:34  Viking  
  32  3:35  SCV  
  35  3:41  Factory  
  35  3:43  SCV  
  35  3:48  SCV  
  37  3:52  Supply Depot  
  37  4:00  SCV  
  36  4:06  Hellion x2  
  39  4:19  Command Center  
  39  4:26  Refinery, SCV  
  39  4:27  Refinery, Hellion x2  
  44  4:35  Armory  
  44  4:41  Supply Depot  
  44  4:54  Starport Tech Lab  
  44  4:55  Factory Tech Lab  
  44  4:57  SCV x2  
  46  5:09  SCV x2  
  46  5:21  SCV  
  37  5:36  Infernal Pre-Igniter  
  37  5:38  Siege Tank  
  43  5:44  Raven  
  43  5:45  Hellion x2  
  43  5:48  SCV x2  
  48  5:52  Engineering Bay  
  48  6:00  SCV  
  48  6:01  SCV  
  50  6:07  Hellion x2  
  50  6:10  Factory x2, Siege Tank  
  57  6:13  SCV  
  58  6:23  Refinery  
  58  6:26  Missile Turret  
  58  6:28  Hellion x2  
  58  6:29  Missile Turret  
  58  6:56  Factory Tech Lab x2  
  58  6:58  Terran Vehicle Weapons Level 1  
  58  7:01  Armory  
  58  7:03  Planetary Fortress  
  58  7:06  Hellion  
  58  7:07  Hellion  
  62  7:16  Siege Tank  
  62  7:17  Siege Tank x2  
  71  7:25  Supply Depot  
  71  7:27  Supply Depot  
  71  7:39  SCV  
  72  7:51  SCV  
  73  8:03  SCV  
  74  8:06  Refinery x2, Missile Turret  
  74  8:08  Thor x3  
  74  8:10  Terran Vehicle And Ship Armor Level 1  
  74  8:11  SCV  
  93  8:13  Hellion x8  
  93  8:29  Drilling Claws  
  93  8:46  SCV x2  
  93  8:47  Missile Turret  
  93  8:50  SCV  
  93  8:55  Widow Mine  
  92  8:58  SCV  
  93  9:06  Terran Vehicle Weapons Level 2  
  93  9:12  Thor  
  93  9:13  Thor, Widow Mine  
  93  9:14  Supply Depot, SCV x2  
  109  9:23  Missile Turret  
  109  9:36  Thor  
  115  10:06  Supply Depot, Thor  
  117  10:10  Supply Depot  
  115  10:27  Thor  
  124  10:35  Hellion  
  124  10:36  Hellion  
  124  10:41  Starport  
  124  10:42  Fusion Core  
  124  10:43  Starport  
  124  10:44  Starport  
  128  10:57  Hellion x2  
  128  10:59  SCV  
  129  11:11  SCV  
  132  11:18  Hellion  
  132  11:23  SCV  
  132  11:24  Supply Depot  
  133  11:26  Supply Depot, Starport Tech Lab x2  
  133  11:30  Thor  
  133  11:33  Thor  
  133  11:35  SCV  
  93  11:47  SCV  
  94  12:01  Starport Tech Lab  
  94  12:03  Battlecruiser x2  
  94  12:04  Terran Vehicle And Ship Armor Level 2  
  94  12:05  Terran Ship Weapons Level 1  
  106  12:10  Widow Mine x2  
  110  12:31  Widow Mine x2  
  113  12:50  Battlecruiser x2  
  124  13:07  Battlecruiser  
  124  13:12  Widow Mine x2  
  132  13:33  Widow Mine  
  132  13:34  Widow Mine  
  128  13:42  Battlecruiser  
  134  13:54  Battlecruiser x2  
  134  13:55  Widow Mine  
  148  14:09  Widow Mine  
  79  14:59  Supply Depot  
  52  16:22  Orbital Command  
Show
View Real Time Build Order
Export as new Build Order

Munte Zerg - Winner!

Build Orders: Hatch First 

Get SALT Encoding   

  12  0:00  Drone  
  13  0:12  Overlord  
  13  0:21  Drone  
  14  0:32  Drone  
  14  0:33  Drone  
  16  0:52  Hatchery  
  16  0:53  Drone  
  16  0:57  Drone  
  16  1:00  Drone  
  18  1:10  Extractor  
  17  1:17  Spawning Pool  
  16  1:20  Drone  
  16  1:22  Drone  
  18  1:29  Drone  
  19  1:42  Drone  
  20  1:50  Drone  
  21  2:04  Queen x2  
  21  2:05  Zergling x2  
  21  2:06  Zergling x2  
  27  2:15  Metabolic Boost  
  27  2:19  Drone  
  27  2:20  Overlord  
  28  2:39  Drone x4  
  28  2:40  Queen  
  34  2:48  Drone x2  
  36  2:54  Overlord  
  36  3:03  Overlord  
  36  3:24  Drone x5  
  36  3:25  Drone  
  42  3:28  Roach Warren  
  42  3:33  Evolution Chamber  
  40  3:37  Drone x2  
  42  3:44  Zergling x4  
  44  3:48  Hatchery  
  43  4:07  Queen  
  43  4:08  Queen  
  47  4:13  Zerg Ground Armor Level 1  
  47  4:17  Overlord  
  47  4:22  Drone x2  
  47  4:23  Drone x3  
  52  4:25  Overlord  
  52  4:44  Extractor  
  52  4:45  Extractor, Spore Crawler  
  49  4:54  Overlord  
  49  4:55  Spore Crawler, Overlord  
  49  4:58  Drone x3  
  49  4:59  Drone x2  
  52  5:17  Zergling x2  
  52  5:18  Zergling x14  
  57  5:35  Drone x4  
  59  5:36  Drone  
  59  5:37  Drone  
  59  5:41  Queen  
  63  5:49  Burrow  
  63  5:50  Extractor, Drone x2  
  63  5:51  Drone  
  63  5:53  Drone x2  
  63  5:56  Baneling Nest  
  66  6:01  Evolution Chamber  
  65  6:07  Lair  
  65  6:13  Zerg Melee Weapons Level 1  
  65  6:24  Overlord  
  65  6:31  Zerg Missile Weapons Level 1  
  64  6:51  Roach  
  64  6:52  Roach  
  64  6:53  Overlord  
  64  6:54  Overlord x3  
  66  7:05  Pneumatized Carapace  
  66  7:07  Glial Reconstitution  
  66  7:09  Overlord x2  
  66  7:18  Hatchery  
  65  7:31  Spire  
  65  7:35  Centrifical Hooks, Infestation Pit  
  63  7:37  Drone x2  
  63  7:38  Drone x11  
  63  7:40  Roach x10  
  96  7:49  Evolution Chamber  
  93  8:12  Zerg Ground Armor Level 2  
  93  8:15  Zerg Melee Weapons Level 2  
  93  8:17  Drone  
  93  8:18  Drone x5  
  99  8:20  Extractor  
  99  8:22  Spore Crawler  
  99  8:23  Extractor  
  96  8:28  Zerg Missile Weapons Level 2  
  96  8:37  Drone x3  
  96  8:38  Drone x3  
  102  8:43  Hive  
  102  8:45  Zergling x14  
  102  8:46  Zergling x8  
  93  9:04  Nydus Network  
  93  9:07  Drone x4  
  98  9:10  Roach x8  
  112  9:29  Roach x4  
  119  9:46  Overlord x2  
  119  9:47  Overlord x2  
  119  9:50  Overlord  
  119  9:51  Overlord  
  113  10:08  Drone x4  
  113  10:09  Drone x2  
  113  10:11  Extractor  
  115  10:17  Ultralisk Cavern  
  115  10:20  Zergling x2  
  115  10:21  Zergling x14  
  119  10:22  Zergling x6  
  124  10:32  Zerg Ground Armor Level 3  
  123  10:43  Hatchery  
  123  10:49  Adrenal Glands  
  122  10:54  Zerg Melee Weapons Level 3  
  122  11:07  Zergling x4  
  122  11:08  Zergling x16, Chitinous Plating  
  122  11:10  Ultralisk  
  122  11:11  Ultralisk x3  
  128  11:53  Zerg Missile Weapons Level 3  
  128  12:04  Spine Crawler  
  128  12:06  Spine Crawler, Drone x2  
  128  12:09  Zergling x2  
  128  12:10  Zergling x14  
  128  12:11  Zergling x6  
  139  12:18  Spore Crawler  
  138  12:25  Nydus Canal  
  138  12:27  Anabolic Synthesis  
  138  12:29  Overlord x2  
  138  12:31  Ultralisk x3  
  138  12:32  Ultralisk  
  138  12:33  Overlord x4  
  156  12:52  Ultralisk x2  
  156  12:53  Zergling x22  
  156  12:54  Zergling x16  
  179  13:39  Roach  
  179  13:40  Roach x7  
  195  13:47  Baneling  
  195  13:48  Baneling x24  
  195  13:49  Baneling  
  195  13:52  Overseer  
  195  14:14  Overseer x2  
  191  14:22  Nydus Canal  
  171  14:36  Corruptor  
  171  14:37  Corruptor x9  
  159  14:53  Spire  
  133  15:15  Drone x3  
  133  15:16  Drone x10  
  140  15:34  Hydralisk Den  
  140  15:35  Queen  
  119  15:37  Drone x4  
  119  15:38  Drone x2  
  109  15:56  Spore Crawler  
  108  15:57  Spore Crawler  
  108  15:58  Spore Crawler  
  108  15:59  Spore Crawler  
  108  16:01  Spore Crawler  
  108  16:02  Spore Crawler  
  81  16:05  Spore Crawler  
  81  16:06  Corruptor  
  81  16:07  Corruptor x8, Spore Crawler  
  81  16:10  Spore Crawler x2  
  87  16:12  Spore Crawler x2  
  87  16:13  Spore Crawler  
  87  16:14  Spore Crawler  
  77  16:19  Drone x4  
  77  16:20  Drone  
  82  16:32  Hydralisk x3  
  86  16:38  Corruptor  
  84  16:55  Corruptor x2  
  84  17:01  Corruptor  
Tags
 
Add a new tag
Caveats
  • Supply blocks, unpowered buildings, or Contaminate may cause inaccurate times.
  • Supply counts are checked every 10 seconds.